[Event "FTX Crypto Cup MCCT 2022"]
[Site "Miami"]
[Date "2022.08.11"]
[Round "4.4"]
[White "Aronian, Levon"]
[Black "Praggnanandhaa R"]
[Result "0-1"]
[ECO "A22"]
[WhiteElo "2775"]
[BlackElo "2648"]
[Annotator "TA"]
[PlyCount "88"]
[EventDate "2022.08.10"]
[EventType "tourn"]
[EventCountry "USA"]
[SourceTitle "playchess.com"]
[Source "ChessBase"]
[SourceQuality "1"]
[TimeControl "900+10"]

1. c4 e5 2. Nc3 Nf6 3. Nf3 e4 4. Ng5 c6 5. Ngxe4 Nxe4 6. Nxe4 {[%emt 0:00:00] A22: English Opening: 1...e5 2 Nc3 Nf6.} d5 7. cxd5 cxd5 8. Ng3 {[%emt 0:00:00][%cal Be4g3,Bg3e2,Be2c3][%mdl 32] White is better.} (8. Qa4+ $2 Bd7 9. Qd4 dxe4 10. Qxe4+ Be7 $19) 8... h5 9. e3 h4 10. Ne2 Nc6 11. d4 $1 Qf6 {[%emt 0:00:01] [#]} 12. Bd2 $146 ({Predecessor:} 12. Nc3 Bd6 13. a3 Qg6 14. h3 O-O 15. Qf3 Na5 16. Qxd5 b6 17. Bd2 Bb7 18. Qa2 {1-0 (48) Stremavicius,T (2532)-Goh,W (2453) Chennai 2022}) 12... Bd6 13. a3 Bf5 14. Rc1 Rd8 15. Nc3 Qg6 $1 16. Qf3 (16. Nxd5 $2 h3 17. g4 Be4 $19) 16... h3 17. g3 (17. Nxd5 $2 Be4 18. Nf4 Bxf4 19. Qxf4 hxg2 20. Bxg2 Qxg2 $19) (17. Qxd5 $2 Bb4 18. Qf3 Bxc3 19. bxc3 (19. Bxc3 $2 Be4 $19) 19... Be4 $19) 17... Bg4 18. Qxd5 O-O 19. Qb5 Rfe8 20. Be2 (20. Qxb7 $2 Nxd4 21. Be2 Nxe2 22. Nxe2 Qd3 $19) 20... Nxd4 $1 21. exd4 {[%emt 0:00:03] Strongly threatening Be3.} Rxe2+ 22. Nxe2 Qe4 23. Bg5 Re8 $1 $17 24. Be3 {[%emt 0:01:13] Kd2 is the strong threat.} a6 $1 25. Qa4 {[%emt 0:00:09] And now Kd2 would win.} b5 $1 {[%emt 0:01:09] Black is more active.} (25... Qxh1+ $6 26. Kd2 Qe4 27. Nc3 $11) 26. Qxa6 Qxh1+ ({Black should try} 26... Qf3 $1 $17 27. Qxb5 Rxe3 28. fxe3 Qxh1+ 29. Kd2 Qxh2) 27. Kd2 $11 Qf3 28. Re1 (28. Qxb5 $2 Rb8 29. Qc4 Qxe2+ 30. Qxe2 Rxb2+ 31. Rc2 Rxc2+ 32. Kxc2 Bxe2 $19) 28... Qf6 ({Better is} 28... Bc7 $11 29. Nc3 (29. Qxb5 $2 Rb8 $19) 29... Rb8) 29. Nc3 $14 (29. Qxb5 $2 Rb8 30. Qg5 Rxb2+ 31. Kc3 Qxg5 32. Bxg5 Rxe2 33. Rxe2 Bxe2 $19) 29... Qe6 (29... Rb8 $14) 30. Qc6 $16 ({Worse is} 30. Qxb5 Rb8 31. Qa4 Rxb2+ 32. Kc1 Rb3 $19) 30... Rc8 {[%emt 0:00:44] [#]} 31. Qd5 ({Avoid the trap} 31. Qxb5 $2 Rb8 32. Qa4 Rxb2+ 33. Kc1 Rb3 $17) 31... b4 32. axb4 Qf6 {[%emt 0:00:05] [#]} (32... Bxb4 $16 33. Qxe6 Bxe6) 33. b5 $1 $18 {[%emt 0:00:32] Black must now prevent Ra1.} Bb4 34. Ra1 Bf3 (34... Be6 {is a better defense.} 35. Qe4 Qd8) 35. Qb3 Bf8 (35... Qe7 $142 36. Ra4 Bd6) 36. b6 Bb7 37. d5 {[%emt 0:00:18] Threatens to win with Ra7.} Bc5 (37... Rd8 {keeps fighting.} 38. Ra7 Qc6) 38. Re1 $2 (38. Ra7 Bxe3+ 39. fxe3) 38... Bxe3+ 39. fxe3 Ba6 40. Qc2 (40. Rd1 $16) 40... Qxb6 $11 41. Kc1 Bc4 42. Rd1 $2 (42. Qe4 $11) 42... Bb3 $19 {[%emt 0:00:13][%mdl 1024] Black has strong compensation.} 43. Qf2 (43. Qe2 Bxd1 44. Kxd1) 43... Qa5 44. Kd2 Rxc3 {[%emt 0:00:07][%mdl 64] Remove Defender.  Weighted Error Value: White=0.44/Black=0.20 (precise)} 0-1

[Event "FTX Crypto Cup MCCT 2022"]
[Site "Miami"]
[Date "2022.08.11"]
[Round "4.4"]
[White "Duda, Jan-Krzysztof"]
[Black "Firouzja, Alireza"]
[Result "1/2-1/2"]
[ECO "A18"]
[WhiteElo "2750"]
[BlackElo "2793"]
[Annotator "TA"]
[PlyCount "129"]
[EventDate "2022.08.10"]
[EventType "tourn"]
[EventCountry "USA"]
[SourceTitle "playchess.com"]
[Source "ChessBase"]
[SourceQuality "1"]
[TimeControl "900+10"]

1. c4 Nf6 2. Nc3 e6 3. e4 d5 4. cxd5 exd5 5. e5 Ne4 6. Nf3 Bf5 {[%emt 0:00:09] 6...Bf5 scores better than 6...Nc6. A18: English Opening: Flohr-Mikenas System (1 c4 Nf6 2 Nc3 e6 3 e4).} 7. d3 Nxc3 8. bxc3 c5 9. d4 Qa5 10. Bd2 Nc6 11. c4 Qd8 12. Qb3 Be6 13. Qxb7 Rc8 14. Ng5 Nxd4 15. Nxe6 fxe6 16. Bd3 {[%emt 0:00:37] [#]} Rb8 $146 ({Predecessor:} 16... Be7 17. O-O O-O 18. Qb1 Kh8 19. Qd1 Rb8 20. Qh5 Nf5 21. Rad1 g6 22. Qh3 Qd7 {½-½ (77) Tabatabaei,M (2612)-Engel,L (2490) Karlsruhe 2019}) 17. Qa6 Qb6 18. Qxb6 Rxb6 19. O-O Be7 20. Bc3 Nc6 $1 21. f4 $1 O-O 22. g3 Nb4 23. Be2 Nc2 24. Rac1 Ne3 25. cxd5 Nxf1 $15 26. d6 {[%emt 0:00:02] [#]} Ne3 $1 {[%emt 0:04:03] White must now prevent ...Bd8.} 27. dxe7 Re8 28. Kf2 Nf5 29. Bc4 Rxe7 30. g4 Nd4 31. f5 $1 Kf8 32. f6 (32. Bxd4 $11 cxd4 33. Bxe6) 32... Rd7 $17 33. g5 Kf7 34. h4 Nf5 (34... Nb5 $17 35. Ba5 Rb8) 35. h5 $11 g6 36. hxg6+ Kxg6 37. a4 Kxg5 (37... Nd4 $11) 38. a5 (38. f7 $1 $14 Rxf7 39. Bd2+ Kh5 40. Be2+ Kg6 41. Rg1+ Ng3+ 42. Kxg3) 38... Rc6 $2 {[%emt 0:00:30] [#]} (38... Rb8 $1 $11) 39. Kf3 $2 (39. f7 $1 $18 Rxf7 40. Bd2+ Kh5 41. Be2+ Kg6 42. Rg1+ Ng3+ 43. Kxg3) 39... Nd4+ $2 (39... Kg6 $11 {and Black has nothing to worry.}) 40. Ke4 $18 h5 41. Bd2+ $2 {[%emt 0:01:09] A strong pair of Bishops.} ({White must play} 41. Rg1+ $18 Kh6 42. Rg8) 41... Kg6 $1 $11 42. Rg1+ Kh7 43. Rg5 Kh8 44. Rxh5+ Rh7 45. Rg5 (45. Rxh7+ $11 Kxh7 46. Bc3) 45... Rc8 46. Rg4 {[%emt 0:00:00] Prevents Rh4.} Rg8 47. Rf4 (47. Bg5 $1 $15) 47... Rd8 $17 {[%emt 0:00:07] aiming for ...Kg8.} 48. Be3 (48. Bc1 $17) 48... Kg8 $19 49. Rf1 (49. Bf2 $142) 49... Rh4+ 50. Bf4 $2 (50. Rf4 Rxf4+ 51. Kxf4) 50... Kf8 {[%emt 0:00:08] Hoping for ...Nf5.} 51. Rf2 Rb8 52. Bf1 (52. Rh2 $142 Rxh2 53. Bxh2) 52... Rb4 53. Kd3 Nc6 54. Be3 Rb3+ ({Don't blunder} 54... Nxe5+ $2 55. Kc2 Kf7 56. Bd2 $19) 55. Kd2 Nxe5 {[%emt 0:00:22][%cal Ob3e3] Strongly threatening ...Rxe3!} 56. Bxc5+ Kf7 {[%emt 0:00:00] ...Rb2+ is the strong threat.} 57. Bxa7 Nc6 58. Bb6 Nxa5 $2 59. Bxa5 $11 {[%emt 0:00:06] The position is equal.} Rb2+ (59... Ra4 $5 60. Kc2 Rxa5 61. Kxb3 Rf5 62. Rxf5 exf5 $11) 60. Ke1 $1 Rxf2 61. Kxf2 Rf4+ 62. Ke2 Rxf1 63. Kxf1 {[%emt 0:00:00] Intending Bc3 and mate.} Kxf6 64. Bc3+ e5 65. Bxe5+ {[%emt 0:00:00] White used his chance.  Weighted Error Value: White=0.40/Black=0.35} 1/2-1/2

[Event "FTX Crypto Cup MCCT 2022"]
[Site "Miami"]
[Date "2022.08.11"]
[Round "4.4"]
[White "Le, Quang Liem"]
[Black "Carlsen, Magnus"]
[Result "0-1"]
[ECO "D30"]
[WhiteElo "2722"]
[BlackElo "2864"]
[Annotator "TA"]
[PlyCount "74"]
[EventDate "2022.08.10"]
[EventType "tourn"]
[EventCountry "USA"]
[SourceTitle "playchess.com"]
[Source "ChessBase"]
[SourceQuality "1"]
[TimeControl "900+10"]

1. d4 d5 2. c4 c6 3. Nf3 e6 4. Qc2 Nf6 5. g3 dxc4 6. Qxc4 b5 7. Qb3 Bb7 8. Bg2 a6 {[%emt 0:00:11] D30: Queen's Gambit Declined: Systems without Nc3.} 9. Be3 Nbd7 {[%emt 0:00:46] [#]} 10. a4 $146 ({Predecessor:} 10. Ne5 Nxe5 11. dxe5 Nd7 12. O-O Be7 13. Nc3 Nxe5 14. Ne4 O-O 15. Nc5 Qc7 16. Rac1 Bxc5 17. Bxc5 Rfd8 {½-½ (17) Antic,D (2463)-Ivanov,T (2327) Belgrade 2019}) 10... c5 {[%emt 0:02:16] The position is equal.} 11. axb5 Bd5 12. Qc2 cxd4 13. Bxd4 axb5 14. Rxa8 Qxa8 15. O-O Be7 16. Nc3 Bc6 $1 17. Nh4 Bxg2 18. Nxg2 b4 19. Nb5 O-O {[%emt 0:00:02] ...Qa6 is the strong threat.} 20. Rc1 h6 21. Na7 Bd6 22. Nc6 e5 23. Be3 Nd5 24. Qf5 N7f6 {[%emt 0:00:17] Threatens to win with ...Rc8.} 25. Nxe5 $2 (25. Bxh6 $1 $11 {and White has nothing to worry.} Rc8 {[#]} 26. Nxe5 $1 Rxc1+ 27. Bxc1) 25... Ne7 $19 26. Qf4 Ng6 27. Nxg6 Bxf4 28. Ne7+ $2 (28. N6xf4 Nd5 29. Nxd5 Qxd5 30. Nf4) 28... Kh7 {[%emt 0:00:02] Black is clearly winning.} 29. Nxf4 Qe4 {[%emt 0:00:01] Against Nf5} 30. Nc8 Rd8 31. Nb6 b3 {[%emt 0:00:32] White must now prevent ...Ng4.} 32. h3 (32. Nc4 $142) 32... Rd6 33. Kh2 g5 34. Nd3 {[%emt 0:00:46] [#]} Rxb6 $1 35. Bxb6 Qxe2 36. Rc3 Nd5 37. Rxb3 Qc2 {[%emt 0:00:11] Weighted Error Value: White=0.56/Black=0.10 (very precise)} 0-1

[Event "FTX Crypto Cup MCCT 2022"]
[Site "Miami"]
[Date "2022.08.11"]
[Round "4.4"]
[White "Niemann, Hans Moke"]
[Black "Giri, Anish"]
[Result "0-1"]
[ECO "B51"]
[WhiteElo "2688"]
[BlackElo "2760"]
[Annotator "TA"]
[PlyCount "100"]
[EventDate "2022.08.10"]
[EventType "tourn"]
[EventCountry "USA"]
[SourceTitle "playchess.com"]
[Source "ChessBase"]
[SourceQuality "1"]
[TimeControl "900+10"]

1. e4 c5 2. Nf3 d6 3. Bb5+ Nd7 4. O-O a6 5. Bd3 Ngf6 6. Re1 {[%emt 0:00:01] B51: Sicilian: Moscow Variation (3 Bb5+) without 3...Bd7.} e6 $1 {[%emt 0:00:03] 6...e6 scores better than 6...b5.} 7. Bf1 b6 8. c4 {[%emt 0:00:07] The position is equal.} Bb7 9. Nc3 Ne5 10. d4 Nxf3+ 11. gxf3 {[%emt 0:00:00][%cal Bg2f3,Bf3f4][%mdl 32] [#]} cxd4 $5 $146 {[%emt 0:00:00][%mdl 8] An interesting novelty.} ({Predecessor:} 11... Be7 12. d5 e5 13. f4 Bc8 14. fxe5 dxe5 15. f4 Bd6 16. Qf3 Qc7 17. f5 Be7 {1-0 (39) Niemann,H (2637)-Yilmaz,M (2626) Havana 2022}) 12. Qxd4 Nd7 13. f4 Rg8 14. Bg2 Qh4 (14... Rc8 $11) 15. Qd3 (15. Re3 $14) 15... g5 16. fxg5 h6 (16... Nc5 $11 17. Qg3 Qxg3 18. hxg3 Nd3) 17. Qg3 $2 (17. Re3 $1 $14 {stays ahead.} Nc5 18. Qd4) 17... hxg5 $17 18. Be3 Bg7 ({Better is} 18... Rc8 $1 $17) 19. Na4 $2 (19. Qxd6 $11 Be5 20. Qb4) 19... Be5 $19 (19... Bxe4 20. Qxh4 (20. Bxg5 $2 Qxg3 21. hxg3 Bxg2 $19) (20. Qxg5 $2 Qxg5 21. Bxg5 Bxg2 $19) 20... gxh4 21. Bxe4 $18) 20. Qxh4 gxh4 21. Kf1 b5 22. Nc3 (22. f4 {was called for.} bxa4 23. fxe5 Nxe5 24. Bf2) 22... b4 (22... bxc4 23. f4 Bxc3 24. bxc3 $17) 23. Ne2 Nc5 {[%emt 0:00:50] aiming for ...Nd3.} ({Don't blunder} 23... Bxh2 $2 24. a3 $19) 24. Bd4 (24. Rad1 {keeps fighting.}) 24... Nxe4 ({Don't go for} 24... Bxh2 $2 25. f3) 25. Bxe4 Bxe4 26. Nf4 {[%emt 0:00:03] Inhibits Bg2+.} Bxf4 27. Rxe4 e5 ({Weaker is} 27... Bxh2 28. Ke2 $15) 28. h3 Kd7 {[%emt 0:00:39] Strongly threatening ...Bh2.} 29. Rd1 Ke6 30. Be3 f5 31. Rxf4 exf4 32. Bxf4 $17 {[%emt 0:00:00][%mdl 4096] Endgame KRR-KRB} Rgd8 33. Re1+ (33. Bg5 $17 {might work better.} Rd7 34. Bxh4) 33... Kf6 $19 34. Rd1 Rac8 35. Rd4 Rc6 (35... d5 $1 $19 36. cxd5 a5) 36. Be3 $17 Ke6 37. Rxh4 Rf8 (37... Rcc8 $17 38. Rh6+ Kd7 39. Rh7+ Kc6) 38. b3 $15 d5 39. c5 ({White should play} 39. cxd5+ $1 $11 Kxd5 40. Rxb4) 39... f4 $1 40. Bd4 {[%emt 0:00:06] [#]} Kf5 $1 {[%emt 0:00:06] ...Ke4 is the strong threat.} 41. f3 Rg8 42. Rh7 Rg3 43. Kf2 {[%emt 0:00:43] [#]} Rcg6 $1 {[%emt 0:00:06] Hoping for ...Rg2+.} 44. Re7 $2 (44. Rf7+ $17 Ke6 45. Rxf4 Rg2+ 46. Ke3) 44... Rg2+ $19 (44... Rxh3 $2 45. Re5+ Kf6 46. Rh5+ Ke6 47. Rxh3 $18) 45. Ke1 $2 (45. Kf1 Rd2 46. Re5+ Kf6 47. Re4+ Kf7 48. Rxf4+ Ke7 49. Bf2) 45... R6g3 46. Re5+ Kg6 47. c6 $2 (47. Re2 Rxe2+ 48. Kxe2) 47... Rxh3 {[%emt 0:00:06] ( -> ...Rh1+). Black is clearly winning.} 48. Re2 Rh1+ 49. Kd2 Rxe2+ 50. Kxe2 Rc1 {[%emt 0:00:02] Weighted Error Value: White=0.56/Black=0.16 (very precise)} 0-1

[Event "FTX Crypto Cup MCCT 2022"]
[Site "Miami"]
[Date "2022.08.11"]
[Round "5.1"]
[White "Aronian, Levon"]
[Black "Giri, Anish"]
[Result "1/2-1/2"]
[ECO "A34"]
[WhiteElo "2775"]
[BlackElo "2760"]
[Annotator "TA"]
[PlyCount "140"]
[EventDate "2022.08.10"]
[EventType "tourn"]
[EventCountry "USA"]
[SourceTitle "playchess.com"]
[Source "ChessBase"]
[SourceQuality "1"]
[TimeControl "900+10"]

1. c4 Nf6 2. Nc3 c5 3. Nf3 e6 4. e4 Nc6 5. Be2 d5 6. cxd5 exd5 {[%emt 0:00:03] [#] And now ...d4 would win.} 7. e5 {[%emt 0:00:01] A34: Symmetrical English: 2 Nc3, lines with ...d5.} Ng4 8. Bb5 d4 9. Ne4 {[%emt 0:00:50] [#]} Be7 $146 (9... Bd7 $11) ({Predecessor:} 9... Bd7 10. O-O Ngxe5 11. Re1 Be7 12. Nxc5 Nxf3+ 13. Qxf3 O-O 14. Nxd7 Qxd7 15. d3 Bb4 {1-0 (50) Ehlvest,J (2517)-Bagaturov,G (2413) Acqui Terme 2022}) 10. Bxc6+ $14 bxc6 11. d3 {[%emt 0:00:00] Hoping for h3.} Qd5 12. Bf4 f6 13. O-O ({But not} 13. exf6 Nxf6 14. O-O O-O $11) 13... fxe5 14. Bg3 O-O 15. Re1 Bf5 16. b3 Nf6 17. Ned2 (17. Nfd2 $11) 17... Bxd3 $15 {[%emt 0:00:35] [#] Threatens to win with ...e4.} 18. Nxe5 Bf5 19. Qf3 Qxf3 20. Ndxf3 Ne4 21. Nxc6 {[%emt 0:00:24] Pair of Knights!} Bf6 22. Be5 $1 Rfe8 23. Bxf6 gxf6 24. b4 Bd7 25. Na5 cxb4 {[%emt 0:00:09] aiming for ...d3.} 26. Nxd4 Nc3 27. Re3 Rxe3 28. fxe3 Rc8 29. a3 bxa3 30. Rxa3 Ne4 31. Nab3 {[%emt 0:00:07] Inhibits Rc1+.} Rc7 32. Ra5 Nd6 33. Kf2 Nc4 34. Rd5 Ne5 35. h3 Kf7 36. Ra5 Nc4 37. Ra6 Nb6 38. Nd2 Kg6 39. N2f3 Bc8 {[%emt 0:00:24] The position is equal.} 40. Nh4+ Kf7 41. Ra2 a6 {[%emt 0:00:08] Against Nb5} 42. Nhf5 Nc4 {[%emt 0:00:17] Against Nd6+} 43. g4 Bxf5 44. gxf5 $11 {[%emt 0:00:00][%mdl 4096] Endgame KRN-KRN} a5 45. Kf3 Ra7 46. Nb5 Ra6 47. Ra4 Ne5+ 48. Ke2 Kg7 49. Nd4 h5 50. Kf2 Kf7 51. Kg3 Ra8 52. Nb5 Rg8+ 53. Kf2 Nd3+ 54. Ke2 Ne5 55. Rxa5 {[%emt 0:00:36] Ra7+ is the strong threat.} Rg2+ 56. Kf1 Rg3 57. Ra7+ Kf8 58. Ra8+ Kg7 59. Nd4 Rxh3 60. Ne6+ Kf7 61. Ra7+ Kg8 62. e4 Re3 63. Ng7 Rxe4 64. Nxh5 Kf8 65. Kf2 Rh4 66. Nxf6 Rf4+ 67. Ke3 Rxf5 68. Ke4 Rxf6 69. Kxe5 Rf7 70. Rxf7+ Kxf7 {[%emt 0:00:00] Weighted Error Value: White=0.07 (flawless) /Black=0.07 (flawless)} 1/2-1/2

[Event "FTX Crypto Cup MCCT 2022"]
[Site "Miami"]
[Date "2022.08.11"]
[Round "5.1"]
[White "Duda, Jan-Krzysztof"]
[Black "Carlsen, Magnus"]
[Result "1-0"]
[ECO "E11"]
[WhiteElo "2750"]
[BlackElo "2864"]
[Annotator "TA"]
[PlyCount "75"]
[EventDate "2022.08.10"]
[EventType "tourn"]
[EventCountry "USA"]
[SourceTitle "playchess.com"]
[Source "ChessBase"]
[SourceQuality "1"]
[TimeControl "900+10"]

1. d4 Nf6 2. c4 e6 3. Nf3 Bb4+ 4. Bd2 Bxd2+ 5. Qxd2 d5 6. g3 c6 {[%emt 0:00:43] E11: Bogo-Indian.} 7. Bg2 Nbd7 8. O-O dxc4 {[%emt 0:00:02] The position is equal.} 9. a4 O-O {[%emt 0:00:38] [#]} 10. a5 $146 ({Predecessor:} 10. Na3 e5 11. Nxc4 exd4 12. Qxd4 Nb6 13. Nd6 Nbd5 14. Nxc8 Qxc8 15. b4 a5 16. b5 {1-0 (42) Ghaem Maghami,E (2561)-Hakemi,A (2316) Teheran 2021}) 10... b5 11. axb6 $1 Qxb6 12. Rc1 Rb8 13. Na3 Ba6 14. Nxc4 (14. Qd1 {looks sharper.} Qxb2 15. Nxc4 Bxc4 16. Rxc4 Rfc8 17. Ne1) 14... Bxc4 15. Rxc4 Qxb2 16. Qxb2 Rxb2 17. Bf1 ({White should play} 17. Kf1 $16) 17... Rc8 (17... Ra8 $1 $11 {remains equal.}) 18. Rxa7 $16 g6 19. Rc1 h5 20. e4 Rd8 21. Rxc6 ({Better is} 21. Ng5 $16) 21... Nxe4 $11 22. Rcc7 Rxf2 23. Ng5 {[%emt 0:00:05][%mdl 64] Deflection} Nxg5 24. Kxf2 Nf6 25. Ke2 Nd5 ({Black should try} 25... Rxd4 $11 26. Bg2 Ng4) 26. Rd7 (26. Rc2 $14) 26... Rc8 $1 {[%emt 0:00:35] White must now prevent ...Rc2+.} 27. h4 Rc2+ 28. Kd3 Nb4+ {[%emt 0:00:02][%mdl 8192] Pair of Knights!} (28... Rc3+ $11 29. Ke2 Rc2+ 30. Kd3 Rc3+ 31. Ke2 Rc2+) 29. Ke3 $18 Rc3+ 30. Kf4 Rf3+ $2 (30... Nf3 31. Bg2 (31. Rxf7 $2 {is a self mate.} Nd5+ 32. Ke4 Re3#) 31... Nd3+ 32. Kxf3 Ne5+ 33. Kf4 Nxd7) 31. Kxg5 {[%emt 0:00:03][%cal Og5h6] White is clearly winning.} Kg7 {[%emt 0:00:00] [#]} 32. Bh3 $1 {[%emt 0:00:11] Bxe6 would kill now.} Nd3 {[%emt 0:00:04] [#]} 33. g4 Nf2 {[%emt 0:00:44] [#]} 34. gxh5 $1 {[%emt 0:00:07] Intending h6+ and mate.} Nxh3+ (34... Ne4+ 35. Kg4) 35. Kg4 Ng1 36. hxg6 Kxg6 37. h5+ Kg7 38. Ra1 {[%emt 0:00:01] Weighted Error Value: White=0.15 (very precise) /Black=0.33} 1-0

[Event "FTX Crypto Cup MCCT 2022"]
[Site "Miami"]
[Date "2022.08.11"]
[Round "5.1"]
[White "Le, Quang Liem"]
[Black "Praggnanandhaa R"]
[Result "1/2-1/2"]
[ECO "D20"]
[WhiteElo "2722"]
[BlackElo "2648"]
[Annotator "TA"]
[PlyCount "82"]
[EventDate "2022.08.10"]
[EventType "tourn"]
[EventCountry "USA"]
[SourceTitle "playchess.com"]
[Source "ChessBase"]
[SourceQuality "1"]
[TimeControl "900+10"]

1. d4 d5 2. c4 dxc4 3. e4 e5 4. Nf3 Bb4+ 5. Bd2 Bxd2+ 6. Nbxd2 exd4 7. Bxc4 Nc6 8. O-O Qf6 9. b4 {[%emt 0:00:01][%cal Oe4e5,Bb2b4,Bb4b5][%mdl 1056] White has compensation.} Nge7 {[%emt 0:00:16] is now debated instead of 9...a6. D20: Queen's Gambit Accepted: 3 e3 and 3 e4.} 10. b5 Na5 11. Bd3 O-O 12. e5 Qb6 13. Re1 {[%emt 0:00:13] [#]} h6 $146 ({Predecessor:} 13... Ng6 14. Rc1 h6 15. h3 Nf4 16. Bf1 c6 17. Ne4 cxb5 18. Nxd4 a6 19. Qd2 Ng6 {½-½ (32) Krzyzanowski,A (2353)-Lins,T (2460) ICCF email 2019}) 14. Rc1 c5 15. Ne4 c4 16. Bxc4 Nxc4 17. Rxc4 Bg4 18. Nd6 a6 19. Qxd4 Qxd4 20. Nxd4 axb5 21. Rc7 Nc6 22. N4xb5 {[%emt 0:00:21] Pair of Knights!} Rxa2 23. h3 ({Much weaker is} 23. Rxb7 $6 Nxe5 24. h3 Nd3 $11) 23... Be6 24. Nxb7 Rc8 25. N7d6 (25. Nc5 $14 Rxc7 26. Nxc7) 25... Rxc7 $11 {[%emt 0:00:20] The position is equal.} 26. Nxc7 g5 27. Nxe6 (27. Re4 {keeps more tension.} Kg7 28. h4 Kg6 29. g3) 27... fxe6 {[%emt 0:00:00][%mdl 4096] Endgame KRN-KRN} 28. Nc4 Kg7 29. Rd1 {[%emt 0:00:41] [#] And now Rd7+ would win.} Ra4 30. Rc1 {[%emt 0:00:42] Hoping for Nb6.} Nd4 {[%emt 0:00:07] Strongly threatening ...Ne2+.} 31. Kh2 Ne2 32. Re1 Nf4 33. Nd6 Nd3 34. Re2 Ra5 35. g3 Rxe5 36. Rxe5 Nxe5 {[%emt 0:00:01] KN-KN} 37. Kg2 Kf6 38. Ne4+ Kf5 39. Nd6+ Kf6 40. Ne4+ Kf5 41. Nd6+ Kf6 {[%emt 0:00:00] Weighted Error Value: White=0.07 (flawless) /Black=0.04 (flawless)} 1/2-1/2

[Event "FTX Crypto Cup MCCT 2022"]
[Site "Miami"]
[Date "2022.08.11"]
[Round "5.1"]
[White "Niemann, Hans Moke"]
[Black "Firouzja, Alireza"]
[Result "1/2-1/2"]
[ECO "E04"]
[WhiteElo "2688"]
[BlackElo "2793"]
[Annotator "TA"]
[PlyCount "89"]
[EventDate "2022.08.10"]
[EventType "tourn"]
[EventCountry "USA"]
[SourceTitle "playchess.com"]
[Source "ChessBase"]
[SourceQuality "1"]
[TimeControl "900+10"]

1. d4 Nf6 2. c4 e6 3. Nf3 d5 4. g3 dxc4 5. Bg2 c5 6. O-O Nc6 7. dxc5 Qxd1 8. Rxd1 Bxc5 9. Nbd2 c3 10. bxc3 O-O {[%emt 0:00:01] The position is equal. E04: Open Catalan: 5 Nf3.} 11. c4 Rd8 12. Bb2 Bd7 13. Ne1 Rac8 14. Nb3 Be7 15. Nd3 b6 16. c5 Be8 17. cxb6 axb6 18. Rac1 Nd5 19. Nd4 Nxd4 20. Bxd4 Bf6 {[%emt 0:00:38] [#] aiming for ...Rxc1.} 21. Bxf6 Nxf6 {[%emt 0:00:02] [#]} 22. Bf3 $146 ({Predecessor:} 22. Bb7 Rxc1 23. Rxc1 Bb5 24. Rb1 Bxd3 25. exd3 Rd6 26. d4 Kf8 27. Kf1 Ke7 28. Ke2 Kd7 29. Bf3 Kc7 30. Rc1+ Kd7 31. Rb1 Kc7 32. Rc1+ Kd7 {½-½ (32) Zaragatski,I (2502)-Cyborowski,L (2524) Germany 2017}) 22... Kf8 23. Rb1 b5 24. Rdc1 Ke7 25. Kf1 Rxc1+ 26. Rxc1 Rd7 27. Nb4 Ra7 28. Rc3 Kd6 29. Ke1 Rc7 30. Rd3+ Ke7 31. Kd2 Nd7 32. Rc3 Rxc3 33. Kxc3 $11 {[%emt 0:00:00][%mdl 4096] Endgame KBN-KBN} Kd6 34. Nd3 e5 35. e3 f5 {[%emt 0:00:12] [#] Strongly threatening ...e4.} 36. Be2 Nf6 37. a3 Bf7 38. f4 exf4 39. exf4 Bc4 40. Kd4 Ne8 41. Nc1 Bxe2 42. Nxe2 Nc7 43. Kd3 g6 44. Nd4 Kd5 45. Nf3 {[%emt 0:00:08] An uneventful encounter.  Weighted Error Value: White=0.02 (flawless) /Black=0.01 (flawless)} 1/2-1/2

[Event "FTX Crypto Cup MCCT 2022"]
[Site "Miami"]
[Date "2022.08.11"]
[Round "5.2"]
[White "Carlsen, Magnus"]
[Black "Duda, Jan-Krzysztof"]
[Result "0-1"]
[ECO "C65"]
[WhiteElo "2864"]
[BlackElo "2750"]
[Annotator "TA"]
[PlyCount "68"]
[EventDate "2022.08.10"]
[EventType "tourn"]
[EventCountry "USA"]
[SourceTitle "playchess.com"]
[Source "ChessBase"]
[SourceQuality "1"]
[TimeControl "900+10"]

1. e4 e5 2. Nf3 Nc6 3. Bb5 Nf6 4. d3 Bc5 5. Bxc6 dxc6 6. Nbd2 {[%emt 0:00:01][%cal Bb1d2,Bd2f1,Bf1e3,Be3f5][%mdl 32] C65: Ruy Lopez: Berlin Defence (3...Nf6), unusual lines and 4 0-0 Bc5.} Nd7 7. Nf1 O-O 8. g4 {[%emt 0:00:03] The position is equal.} Re8 9. Ne3 a5 10. Rg1 Nf8 11. h4 a4 12. Nf5 {[%emt 0:00:34] [#]} b5 $5 $146 {[%emt 0:02:09][%mdl 8] New and interesting.} ({Predecessor:} 12... Ne6 13. h5 Bd6 14. g5 a3 15. g6 fxg6 16. hxg6 h6 17. Bxh6 axb2 18. Rb1 gxh6 19. Nxh6+ Kg7 20. Nf5+ Kg8 21. Nh6+ Kg7 22. Nf5+ Kg8 23. Nh6+ {½-½ (23) Panitevsky,I (2523)-Welle,B (2498) ICCF email 2019}) 13. Bg5 f6 14. Bd2 (14. Be3 $5 Bb6 15. h5 $11) 14... Kh8 15. g5 $2 {[%emt 0:03:18] White is on the road to losing.} (15. h5 $11 {and White has nothing to worry.}) 15... Bxf5 $19 16. exf5 {[%emt 0:00:02] [#]} e4 $1 17. dxe4 Rxe4+ 18. Kf1 {[%emt 0:00:01] And now gxf6 would win.} Qd5 19. gxf6 gxf6 20. Bc3 (20. Be3 {was forced.} Qxf5 21. Bxc5 Qh3+ 22. Rg2) 20... Qxf5 {[%emt 0:00:05] The board is on fire.} 21. Rg5 $2 (21. Rg3) 21... Qh3+ 22. Kg1 Rg4+ (22... Rf4 $142 23. Qd3 Ne6) 23. Rxg4 Qxg4+ 24. Kh1 Nd7 {[%emt 0:02:31] [#] ( -> ...Rg8)} ({And not} 24... Bxf2 25. Bxf6+ Kg8 26. Nh2 Qe4+ 27. Qf3 Qxf3+ 28. Nxf3 $17) 25. Nh2 Qxh4 $40 {[%emt 0:00:04][%mdl 128] Black goes for the king.} 26. Qxd7 $2 (26. Qg4 Qxg4 27. Nxg4) 26... Bd6 27. Kg2 (27. Bxf6+ Qxf6 28. Rg1) 27... Qxh2+ (27... Rg8+ $142 28. Ng4 Rxg4+ 29. Qxg4 Qxg4+ 30. Kf1 Kg7) 28. Kf1 Qh1+ 29. Ke2 Qe4+ {[%emt 0:00:00] Black is clearly winning.} 30. Kf1 Qc4+ 31. Ke1 Rf8 {[%emt 0:00:11] Threatens to win with ...b4.} 32. Rd1 Qe4+ 33. Kf1 Qh1+ 34. Ke2 Qh5+ {[%emt 0:00:00] Weighted Error Value: White=0.97/Black=0.40} 0-1